 Dungeon Crawl Stone Soup version 0.28-a0-863-g8cecda6153 (webtiles) character file.

Game seed: 4826018333183200972

5985 lorenzova the Thaumaturge (level 10, -7/50 HPs)
             Began as a Deep Elf Conjurer on Nov 20, 2021.
             Was a Follower of Vehumet.
             Mangled by an orc knight (27 damage)
             ... in a bailey.
             The game lasted 00:29:19 (13675 turns).

lorenzova the Thaumaturge (Deep Elf Conjurer)      Turns: 13675, Time: 00:29:20

Health: -7/50      AC:  8    Str:  2 (4)  XL:     10   Next: 55%
Magic:  12/28      EV: 10    Int: 24 (27) God:    Vehumet [*.....]
Gold:   406        SH:  5    Dex: 11 (13) Spells: 23/34 levels left

rFire   . . .      SeeInvis .   u - +4 dagger (drain)
rCold   . . .      Faith    .   (no shield)
rNeg    . . .      Spirit   .   v - +2 leather armour {Will+}
rPois   +          Reflect  +   A - +1 hat
rElec   .          Harm     .   r - +0 cloak "Nilladoq" {*Slow rF- Will+++ rCorr}
rCorr   +          Rampage  .   (no gloves)
Will    +++++                   F - +0 pair of boots
Stlth   ++........              C - amulet of reflection
HPRegen 0.16/turn               b - ring of poison resistance
MPRegen 0.21/turn               o - ring of protection from fire

@: invisible
A: no striking features
a: Renounce Religion


You were in a bailey.
You worshipped Vehumet.
Vehumet was aware of your devotion.
You visited 2 branches of the dungeon, and saw 10 of its levels.
You also visited: Bailey.

You collected 476 gold pieces.
You spent 70 gold pieces at shops.

Inventory:

Hand Weapons
 p - a +0 hand axe of freezing
 u - a +4 dagger of draining (weapon)
Armour
 r - the +0 cloak "Nilladoq" (worn) {*Slow rF- Will+++ rCorr}
   (You found it on level 4 of the Dungeon)

   rF:        It makes you vulnerable to fire.
   rCorr:     It protects you from acid and corrosion.
   *Slow:     It may slow you when you take damage.
   Will:      It greatly increases your willpower.
 v - a +2 leather armour of willpower (worn)
 A - a +1 hat (worn)
 F - a +0 pair of boots (worn)
Magical Staves
 B - a staff of poison
Jewellery
 a - an amulet of the acrobat
 b - a ring of poison resistance (left hand)
 o - a ring of protection from fire (right hand)
 C - an amulet of reflection (around neck)
Wands
 m - a wand of iceblast (9)
 q - a wand of acid (9)
 t - a wand of flame (33)
Scrolls
 c - a scroll of vulnerability
 e - 2 scrolls of magic mapping {unknown}
 f - 4 scrolls of fear
 g - 2 scrolls of noise {unknown}
 i - a scroll of blinking {unknown}
 j - 2 scrolls of enchant weapon {unknown}
 n - 3 scrolls of enchant armour {unknown}
 x - a scroll of holy word {unknown}
 D - 2 scrolls of teleportation {unknown}
Potions
 d - a potion of ambrosia
 h - 4 potions of heal wounds
 k - a potion of attraction
 s - 2 potions of curing
 w - a potion of haste
 z - a potion of resistance
 E - a potion of degeneration


   Skills:
 - Level 2.4 Dodging
 - Level 2.4 Stealth
 * Level 12.9 Spellcasting
 * Level 11.4 Conjurations
 + Level 7.8 Hexes
 - Level 6.0 Translocations


You had 23 spell levels left.
You knew the following spells:

 Your Spells              Type           Power      Damage    Failure   Level
a - Magic Dart            Conj           100%       1d8       1%          1
b - Searing Ray           Conj           100%       2d8       1%          2
c - Iskenderun's Mystic   Conj/Tloc      55%        2d12      2%          4
d - Fulminant Prism       Conj/Hex       29%        3d14      1%          4

Your spell library contained the following spells:

 Spells                   Type           Power      Damage    Failure   Level
 Sandblast                Erth           30%        2d9       9%          1
 Dazzling Flash           Conj/Hex       100%       N/A       1%          3
 Beastly Appendage        Tmut           30%        N/A       9%          1
 Wereblood                Tmut           15%        N/A       14%         2
 Frozen Ramparts          Ice            30%        1d5       26%         3
 Spider Form              Tmut/Pois      15%        N/A       26%         3
 Ice Form                 Ice/Tmut       15%        N/A       65%         4
 Summon Ice Beast         Ice/Summ       15%        N/A       65%         4


Dungeon Overview and Level Annotations

Branches:
Dungeon (9/15)             Temple (1/1) D:5          Bailey (1/1)
   Lair: D:8-11         Orc: D:9-12

Altars:
Ashenzari
Cheibriados
Dithmenos
Elyvilon
Fedhas
Gozag
Hepliaklqana
Kikubaaqudgha
Makhleb
Nemelex Xobeh
Okawaru
Qazlal
Ru
Sif Muna
Trog
Vehumet
Wu Jian
Xom
Yredelemnul
Zin
The Shining One
Lugonu

Shops:
D:3 *

Portals:
Abyss: D:4

Annotations:
D:3 1 runed translucent door, mcbry74's ghost, amateur MfTm


Message History

You kill the orc warrior!
Vehumet accepts your kill. The gnoll closely misses you.
Unknown command.
Casting: Iskenderun's Mystic Blast (dangerous; 2% risk of failure)
Confirm with . or Enter, or press ? or * to list all spells.
Aiming: Searing Ray (safe; 1% risk of failure)
Press: ? - help, Shift-Dir - straight line, f - gnoll
Aim: a gnoll, wielding a +0 hand axe and wearing a +3 leather armour (lightly wounded, 85% to hit)
The searing ray hits the gnoll.
The gnoll is moderately wounded. (Press . to maintain the ray.)
The gnoll hits you with a +0 hand axe.
The searing ray hits the gnoll.
The gnoll is heavily wounded.
You block the gnoll's attack.
The searing ray hits the gnoll!
You kill the gnoll!
Vehumet accepts your kill.
Casting: Searing Ray (safe; 1% risk of failure)
Confirm with . or Enter, or press ? or * to list all spells.
Restarting spell: Searing Ray (safe; 1% risk of failure)
Press: ? - help, Shift-Dir - straight line, f - hobgoblin
Aim: a hobgoblin, wielding a +0 hand axe and wearing a +0 leather armour (83% to hit)
The searing ray hits the hobgoblin!
You kill the hobgoblin!
Vehumet accepts your kill.
You feel your power returning. (Press . to maintain the ray.)
You start resting.
An orc knight comes into view. It is wielding a +0 war axe.
An orc knight is nearby!
Things that are here:
a +0 war axe; a +0 scale mail You fade into invisibility!
Things that are here:
a +0 hand axe; a +0 leather armour; a hobgoblin corpse The orc knight hits you with a +0 war axe!!
Ouch! That really hurt!
You die...

≈≈≈≈≈≈≈≈≈≈.).≈≈≈≈≈≈≈≈≈≈
≈≈≈≈≈≈≈≈≈≈...≈≈≈≈≈≈≈≈≈≈
≈≈≈≈≈≈≈≈≈≈...≈≈≈≈≈≈≈≈≈≈
≈≈≈≈≈≈≈≈≈≈.).≈≈≈≈≈≈≈≈≈≈
≈≈≈≈≈≈≈...).....≈≈≈≈≈≈≈
########.......########
#...)...# #...o...#
#...@...# #...))..#
###)))### #.∩.# #####


You could see an orc knight.

Vanquished Creatures
  A two-headed ogre (D:7)
  An orc high priest (Bailey)
  Pikel (D:7)
  A kobold demonologist (Bailey)
  Grinder (D:5)
  A wyvern (D:8)
  2 water moccasins (D:6)
  Pargi (D:3)
  5 orc warriors
  4 sky beasts
  An ice beast (D:8)
  9 centaurs
  2 phantoms (D:6)
  4 lemures
  2 bullfrogs (D:7)
  A kobold brigand (D:6)
  5 scorpions
  A wyvern skeleton (D:4)
  2 water moccasin zombies (D:5)
  A water moccasin skeleton (D:5)
  3 wights (D:9)
  5 hounds
  2 jellies
  5 orc priests
  A bullfrog skeleton (D:4)
  Ijyb (D:5)
  3 iguanas
  A killer bee zombie (D:8)
  2 hound zombies (D:5)
  2 howler monkey zombies (D:9)
  10 gnolls
  4 adders
  A howler monkey skeleton (D:6)
  A shadow imp (D:6)
  2 white imps
  2 adder skeletons (D:4)
  A worm (D:6)
  3 dart slugs
  39 orcs
  4 bats
  6 endoplasms
  9 giant cockroaches
  4 goblins
  11 hobgoblins
  3 jackals (D:5)
  7 quokkas
  7 ball pythons
  6 frilled lizards
  A jackal skeleton (D:4)
  16 kobolds
  5 rats
213 creatures vanquished.

Vanquished Creatures (others)
  30 fulminant prisms
30 creatures vanquished.

Grand Total: 243 creatures vanquished

Notes
Turn   | Place    | Note
-------+----------+-------------------------------------------
     0 | D:1      | lorenzova the Deep Elf Conjurer began the quest for the
                  | Orb.
     0 | D:1      | Reached XP level 1. HP: 10/10 MP: 6/6
   159 | D:1      | Reached XP level 2. HP: 15/15 MP: 3/8
   205 | D:1      | Learned a level 2 spell: Searing Ray
   724 | D:1      | Reached skill level 4 in Spellcasting
   796 | D:1      | Reached skill level 5 in Conjurations
   796 | D:1      | Reached XP level 3. HP: 19/19 MP: 7/10
  1098 | D:1      | Found a faded altar of an unknown god.
  2758 | D:3      | Reached XP level 4. HP: 24/24 MP: 9/12
  2795 | D:3      | Noticed Pargi
  3154 | D:4      | Reached skill level 5 in Spellcasting
  3210 | D:4      | Reached XP level 5. HP: 28/28 MP: 12/14
  3753 | D:4      | Found a shadowy altar of Dithmenos.
  3755 | D:4      | Found a stormy altar of Qazlal.
  3757 | D:4      | Found a sparkling altar of Nemelex Xobeh.
  3984 | D:4      | Reached skill level 6 in Spellcasting
  3984 | D:4      | Reached XP level 6. HP: 17/32 MP: 6/17
  4131 | D:4      | Learned a level 4 spell: Iskenderun's Mystic Blast
  4136 | D:4      | Learned a level 4 spell: Fulminant Prism
  4162 | D:3      | Found Datoafuh's General Store.
  4170 | D:3      | Bought a potion of heal wounds for 70 gold pieces
  4283 | D:3      | Found a runed translucent door.
  4283 | D:3      | Noticed mcbry74's ghost (amateur MfTm)
  4731 | D:4      | Identified the +0 cloak "Nilladoq" {*Slow rF- Will+++
                  | rCorr}
  4770 | D:4      | Found a large runed translucent door.
  4771 | D:4      | Found a large runed translucent door.
  4776 | D:4      | Found a corrupted altar of Lugonu.
  4991 | D:4      | Found a one-way gate to the infinite horrors of the Abyss.
  5025 | D:4      | Reached skill level 1 in Hexes
  5441 | D:5      | Entered Level 5 of the Dungeon
  5452 | D:5      | Reached skill level 1 in Translocations
  5607 | D:5      | Reached skill level 7 in Spellcasting
  5783 | D:5      | Reached XP level 7. HP: 32/36 MP: 11/19
  6169 | D:5      | Noticed Ijyb
  6179 | D:5      | Killed Ijyb
  6596 | D:5      | Noticed Grinder
  6639 | D:6      | Reached skill level 8 in Spellcasting
  6743 | D:6      | Reached XP level 8. HP: 33/41 MP: 14/22
  7239 | D:6      | Reached skill level 9 in Spellcasting
  7452 | D:6      | Found a snail-covered altar of Cheibriados.
  7569 | D:6      | Found a faded altar of an unknown god.
  7599 | D:6      | Found a shimmering blue altar of Sif Muna.
  7639 | D:6      | Found a broken altar of Ashenzari.
  7966 | D:5      | Found a staircase to the Ecumenical Temple.
  7973 | Temple   | Entered the Ecumenical Temple
  8041 | Temple   | Became a worshipper of Vehumet
  8492 | D:7      | Reached skill level 5 in Hexes
  8492 | D:7      | Reached XP level 9. HP: 40/45 MP: 19/24
  9034 | D:7      | Reached skill level 10 in Spellcasting
 10728 | D:7      | Found an ancient bone altar of Kikubaaqudgha.
 10773 | D:7      | Noticed a two-headed ogre
 10780 | D:7      | Killed a two-headed ogre
 10781 | D:7      | Reached skill level 11 in Spellcasting
 10781 | D:7      | Reached skill level 10 in Conjurations
 10781 | D:7      | Reached skill level 5 in Translocations
 11134 | D:7      | Noticed Pikel
 11377 | D:5      | Killed Grinder
 11826 | D:3      | Killed Pargi
 12133 | D:7      | Killed Pikel
 12134 | D:7      | Reached XP level 10. HP: 50/50 MP: 21/27
 12190 | D:7      | Found a sacrificial altar of Ru.
 12474 | D:8      | Reached skill level 12 in Spellcasting
 13291 | D:9      | Found a flagged portal.
 13334 | Bailey   | Entered a bailey
 13367 | Bailey   | Reached * piety under Vehumet
 13367 | Bailey   | Offered knowledge of Sandblast by Vehumet.
 13489 | Bailey   | Noticed a sixfirhy
 13489 | Bailey   | Noticed an orc high priest
 13505 | Bailey   | Killed an orc high priest
 13671 | Bailey   | Noticed an orc knight
 13675 | Bailey   | Mangled by an orc knight

Illustrated notes

Levels and vault maps discovered:
D:1:      lemuel_arrival_river_passageway, layout_basic,
          shapermc_ecumenical_altar_mp_vishouse
D:2:      layout_basic, wad_orctagon
D:3:      layout_basic, serial_shops, nicolae_square_shop,
          hellmonk_ghost_happy_afterlife, nicolae_elevator_lobby_plus,
          uniq_pargi
D:4:      due_chaos_kobolds, layout_basic, nicolae_overflow_hidden_temple,
          nicolae_elevator_lobby_asterisk
D:5:      layout_basic, minmay_temple_entry_proselytizer, uniq_grinder,
          uniq_ijyb
D:6:      layout_cave_pools, chei_slow_surprise,
          gammafunk_temple_overflow_pools, serial_column_ruins,
          column_ruins_temple_hut, column_ruins_open_small, column_ruins_grid_1,
          column_ruins_open_small, column_ruins_columns_dead_end
D:7:      layout_loops_corners, nicolae_ru_the_path_less_chosen,
          general_overflow_altar, centaur_isle, uniq_pikel
D:8:      layout_cave_pools
D:9:      layout_irregular_city, mainiacjoe_overflow_paths, enter_bailey_2,
          hive_lemuel, uniq_erica
Temple:   dshaligram_water_room_temple
Bailey:   bailey_axe_of_yendor_kennysheep, bailey

Skill      XL: |  1  2  3  4  5  6  7  8  9 10 |
---------------+-------------------------------+-----
Spellcasting   | 4 5 6 7 8 9 11 12 | 12.9
Conjurations   | 5 6 7 9 10 11 | 11.4
Hexes          | 1 3 5 6 7 |  7.8
Translocations | 1 2 4 5 6 |  6.0
Dodging        | |  2.4
Stealth        | |  2.4

Action                   |  1- 3 |  4- 6 |  7- 9 | 10-12 || total
-------------------------+-------+-------+-------+-------++-------
Melee: Dagger            |       |       |       |     3 ||     3
 Cast: Magic Dart        |    87 |    82 |   105 |    35 ||   309
       Searing Ray       |     2 |    17 |    47 |    12 ||    78
       Fulminant Prism   |       |       |    18 |    12 ||    30
       Iskenderun's Myst |       |       |     3 |     7 ||    10
  Use: Potion            |       |     2 |       |     6 ||     8
       Scroll            |       |     3 |     2 |     1 ||     6
Armor: Robe              |     4 |     7 |     1 |       ||    12
       Leather armour    |       |       |     8 |     2 ||    10
Dodge: Dodged            |     4 |    26 |    34 |     9 ||    73
Block: Other             |       |       |       |     8 ||     8

Table legend: (Time is in decaauts)
 A = Elapsed time spent in this place.
 B = Non-inter-level travel time spent in this place.
 C = Inter-level travel time spent in this place.
 D = Time resting spent in this place.
 E = Time spent auto-exploring this place.
 F = Levels seen in this place.
 G = Mean time per level.
                   A        B        C        D        E       F      G
               +--------+--------+--------+--------+--------+-----+--------+
         Total |  13681 |  13271 |    410 |   6456 |   5152 |  11 | 1243.7 |
       Dungeon |  13277 |  12879 |    398 |   6220 |   5097 |   9 | 1475.2 |
        Temple |     81 |     69 |     12 |      0 |     55 |   1 |   81.0 |
        Bailey |    322 |    322 |      0 |    236 |      0 |   1 |  322.0 |
               +--------+--------+--------+--------+--------+-----+--------+

Top non-repeatable levels by time:
     D:7: 3426 daAuts
     D:4: 1854 daAuts
     D:5: 1843 daAuts
     D:6: 1450 daAuts
     D:2: 1351 daAuts
     D:1: 1345 daAuts
     D:3: 1001 daAuts
     D:8: 857 daAuts
  Bailey: 322 daAuts
     D:9: 144 daAuts
  Temple: 81 daAuts
